 Dungeon Crawl Stone Soup version 0.21.1-1-g345015f (webtiles) character file.

41282 inc the Blocker (level 14, -12/94 HPs)
             Began as an Octopode Venom Mage on June 17, 2018.
             Was an Initiate of Gozag.
             Mangled by a spiny frog (24 damage)
             ... on level 2 of the Lair of Beasts.
             The game lasted 01:21:45 (28503 turns).

inc the Blocker (Octopode Venom Mage)              Turns: 28503, Time: 01:21:45

Health: -12/94     AC:  3    Str:  8    XL:     14   Next: 14%
Magic:  3/39       EV: 15    Int: 29    God:    Gozag
Gold:   840        SH: 13    Dex: 12    Spells: 14/37 levels left

rFire    + . .     SeeInvis +   z - +6 dagger "Jaofeanedgh" {freeze, Int+7}
rCold    . . .     Gourm    .   O - +1 shield
rNeg     + . .     Faith    .   (helmet restricted)
rPois    +         Spirit   .   (no amulet)
rElec    .         Reflect  .   u - ring of protection from fire
rCorr    .         Harm     .   A - ring of positive energy
MR       ++...                  B - ring of see invisible
Stlth    +++.......             e - ring of magical power
HPRegen  0.25/turn              j - ring of the Catamount {rPois MR+}
MPRegen  0.26/turn              (no ring)
                                (no ring)
                                (no ring)

@: gold aura
A: almost no armour, stealthy swim, amphibious, 8 rings, constrict 8, tentacle
spike 1, slimy green scales 1, camouflage 1, gelatinous body 1
a: Potion Petition, Call Merchant, Bribe Branch, Renounce Religion


You were on level 2 of the Lair of Beasts.
You worshipped Gozag.
Gozag was pleased with you.
You were not hungry.

You visited 3 branches of the dungeon, and saw 18 of its levels.
You also visited: Labyrinth.

You collected 5264 gold pieces.
You spent 799 gold pieces at shops.
You paid 3625 gold pieces to Gozag.

Inventory:

Hand Weapons
 k - a +5 flail of electrocution
 z - the +6 dagger "Jaofeanedgh" (weapon) {freeze, Int+7}
   (You bought it in a shop on level 2 of the Orcish Mines)

   It has been specially enchanted to freeze those struck by it, causing extra
   injury to most foes and up to half again as much damage against particularly
   susceptible opponents.
   It can also slow down cold-blooded creatures.
   It affects your intelligence (+7).
 X - the +8 whip "Snakebite" {curare, rPois}
   (You found it in a labyrinth)

   It poisons the flesh of those it strikes.
   It protects you from poison.
Armour
 G - a +0 hat
 O - a +1 shield (worn)
Magical Staves
 W - an uncursed staff of air
Jewellery
 e - a ring of magical power (on tentacle)
 h - an uncursed amulet of guardian spirit
 j - the ring of the Catamount (on tentacle) {rPois MR+}
   (You acquired it on level 10 of the Dungeon)

   [ring of poison resistance]

   It protects you from poison.
   It affects your resistance to hostile enchantments.
 o - the amulet of Vouph {Inacc *Slow +Inv rF++ Int+4}
   (You found it in a labyrinth)

   [amulet of inaccuracy]

   It reduces the accuracy of all your attacks.
   It affects your intelligence (+4).
   It greatly protects you from fire.
   It lets you turn invisible.
   It may slow you when you take damage.
 p - an uncursed amulet of faith
 q - an uncursed ring of see invisible
 u - a ring of protection from fire (left tentacle)
 A - a ring of positive energy (right tentacle)
 B - a ring of see invisible (on tentacle)
 U - an uncursed amulet of the gourmand
Wands
 n - a wand of disintegration (18)
 v - a wand of flame (23)
 x - a wand of random effects (75)
 F - a wand of paralysis (9)
 L - a wand of iceblast (17)
 M - a wand of polymorph (55)
 S - a wand of acid (18)
 T - a wand of clouds (3)
Scrolls
 f - a scroll of summoning
 i - 4 scrolls of fog
 l - 8 scrolls of teleportation
 m - 6 scrolls of immolation
 r - a scroll of enchant weapon
 s - a scroll of enchant armour
 y - a scroll of silence
 C - a scroll of magic mapping
 D - 3 scrolls of remove curse
 R - 2 scrolls of amnesia
 Z - a scroll of blinking
Potions
 b - 3 potions of invisibility
 d - 3 potions of curing
 g - 4 potions of lignification
 t - 2 potions of mutation
 w - 3 potions of haste
 I - 3 potions of degeneration
 J - a potion of brilliance
 K - 4 potions of agility
 Y - a potion of ambrosia
Books
 a - a Young Poisoner's Handbook

   Spells                             Type                      Level
   a - Sting                          Conjuration/Poison           1
   b - Poisonous Vapours              Poison/Air                   2
   c - Mephitic Cloud                 Conjuration/Poison/Air       3
   d - Olgreb's Toxic Radiance        Poison                       4
   e - Venom Bolt                     Conjuration/Poison           5
 E - a book of Callings

   Spells                             Type                      Level
   a - Summon Small Mammal            Summoning                    1
   b - Call Imp                       Summoning                    2
   c - Call Canine Familiar           Summoning                    3
   d - Summon Guardian Golem          Hexes/Summoning              3
   e - Summon Lightning Spire         Summoning/Air                4
   f - Summon Ice Beast               Ice/Summoning                4
 H - a book of Misfortune

   Spells                             Type                      Level
   a - Confusing Touch                Hexes                        1
   b - Confuse                        Hexes                        3
   c - Gell's Gravitas                Translocation                3
   d - Petrify                        Transmutation/Earth          4
   e - Metabolic Englaciation         Hexes/Ice                    5
   f - Yara's Violent Unravelling     Hexes/Transmutation          5
Comestibles
 c - 18 rations


   Skills:
 - Level 8.1 Fighting
 - Level 0.1 Short Blades
 - Level 5.5 Dodging
 - Level 3.1 Stealth
 - Level 14.0 Shields
 - Level 12.0 Spellcasting
 - Level 1.3 Conjurations
 + Level 5.7 Summonings
 - Level 0.9 Ice Magic
 - Level 4.9 Air Magic
 - Level 9.8 Poison Magic


You had 14 spell levels left.
You knew the following spells:

 Your Spells              Type           Power        Failure   Level  Hunger
a - Sting                 Conj/Pois      ####         1%          1    None
b - Poisonous Vapours     Pois/Air       ######       1%          2    None
c - Mephitic Cloud        Conj/Pois/Air  #####...     1%          3    None
d - Olgreb's Toxic Radia  Pois           ######..     1%          4    None
e - Summon Lightning Spi  Summ/Air       #####...     3%          4    None
f - Summon Ice Beast      Ice/Summ       #####...     9%          4    None
g - Venom Bolt            Conj/Pois      ######....   10%         5    ##.....


Dungeon Overview and Level Annotations

Branches:
Dungeon (13/15)            Temple (0/1) D:7            Lair (3/6) D:11
  Snake (0/4) Lair:2          Orc (2/2) D:10            Elf (0/3) Orc:2
  Swamp: Lair:2-4    Shoals: Lair:2-4    Vaults: D:13-14

Altars:
Ashenzari
Dithmenos
Gozag
Makhleb
Qazlal
Ru
Xom
Yredelemnul
Zin
Beogh

Shops:
D:5 :   Orc:1 [!:[   Orc:2 (!=?=*[:

Annotations:
D:7 1 exclusion


Innate Abilities, Weirdness & Mutations

You cannot wear most types of armour.
You are very stealthy in the water. (Stealth+)
You are amphibious.
You can wear up to eight rings at the same time.
You can use your tentacles to constrict eight enemies at once.
Your skin changes colour to match your surroundings (Stealth+).
Your rubbery body absorbs attacks. (AC +1, EV +1)
One of your tentacles bears a spike.
You are partially covered in slimy green scales. (AC +2)


Message History

You constrict the spiny frog.
You feel sick.
The spiny frog is no longer moving slowly.
The spiny frog stings you!!
* * * LOW HITPOINT WARNING * * *
Unknown command.
You release your grip on the spiny frog.
You feel sick. The spiny frog stings you!
* * * LOW HITPOINT WARNING * * *
Your lightning spire shoots out a bolt of lightning at the spiny frog!
The bolt of electricity hits the spiny frog.
There is a stone staircase leading down, spattered with blood here.
Unknown command.
* * * LOW HITPOINT WARNING * * *
You feel sick.
Your lightning spire shoots out a bolt of lightning at the spiny frog!
The bolt of electricity hits the spiny frog.
Unknown command.
You feel better. The spiny frog stings you!!
You die...
Your body crumbles into a pile of gold.

#..#P#..........####.##P......###
...###..........####.............
.....(..........................P
.......####.........#.#..#..#.##.
....#######.........####.#..##...
.................8...............
#..##.#.P##........###.........#P
.#.#.#...##....>F....##.......###
................@................
P..####.......##.###.............
PP#.##.........######............


PP............................... .......####......###....#.#......
PP.....P.P#......#####.##..###... P................................
..........................####.## ........................#.####..# You could
see a spiny frog and a friendly lightning spire.

Vanquished Creatures
  Snorg (Orc:1)
  Erolcha (D:10)
  Harold (D:11)
  2 two-headed ogres
  4 orc high priests (Orc:2)
  2 death yaks (D:11)
  Sonja (Lair:2)
  An unseen horror (D:10)
  3 orc knights
  Pikel (D:5)
  A deep elf mage (D:13)
  5 cyclopes (Orc:1)
  2 ugly things
  A black mamba (Lair:2)
  2 spiny frogs
  Psyche (D:11)
  A molten gargoyle (D:11)
  7 komodo dragons
  A tengu conjurer (D:13)
  8 trolls
  A queen bee (D:8)
  A hornet (D:10)
  5 hippogriffs
  Sigmund (D:2)
  A basilisk (Lair:2)
  A fire elemental (D:11)
  2 wyverns
  32 yaks
  A human (D:13)
  Menkaure (D:7)
  Edmund (D:5)
  A naga (Lair:2)
  A soldier ant (D:10)
  Duvessa (D:4)
  5 water moccasins
  8 porcupines
  3 black bears
  A slave (D:5)
  A hornet zombie (D:7)
  An ice beast (D:12)
  3 sky beasts
  An eye of draining (D:11)
  30 orc warriors
  A phantom (D:8)
  11 ogres
  5 crocodiles
  10 wolves
  5 centaurs
  A big kobold (D:10)
  A gnoll sergeant (D:8)
  A wyvern zombie (D:12)
  7 bullfrogs
  Dowan (D:4)
  2 scorpions
  29 killer bees
  A wight (D:11)
  5 centaur zombies
  4 crimson imps
  3 bullfrog zombies
  5 lava snakes
  4 jellies (D:10)
  3 hounds
  14 orc priests
  4 iguanas
  14 orc wizards
  A hell rat (D:11)
  9 worker ants
  A killer bee zombie (D:4)
  3 hound zombies
  A worker ant zombie (D:5)
  A howler monkey skeleton (D:10)
  15 adders
  16 gnolls
  2 river rats
  3 shadow imps
  7 oozes
  2 adder zombies (D:7)
  An adder skeleton (D:4)
  2 dart slugs (D:1)
  5 leopard geckos
  47 orcs
  A ball python (D:1)
  6 bats
  3 giant cockroaches
  6 goblins
  7 hobgoblins
  11 jackals
  14 kobolds
  5 quokkas
  A frilled lizard (D:2)
  2 quokka skeletons
  4 rats
456 creatures vanquished.

Vanquished Creatures (collateral kills)
  An orc warlord (Orc:2)
  A hydra (Lair:2)
  A death yak (D:11)
  The ghost of inc the Blocker, a novice OpIE of Gozag (D:11)
  2 orc knights (Orc:2)
  An ugly thing (D:13)
  A black mamba (Lair:2)
  A komodo dragon (Lair:2)
  A troll (Orc:2)
  Grum (D:11)
  3 wargs
  2 nagas (Lair:2)
  2 water moccasins (Lair:1)
  An ice beast (D:13)
  2 orc warriors (Orc:2)
  A wolf (D:11)
  A wyvern skeleton (D:13)
  2 plants (Lair:2)
25 creatures vanquished.

Vanquished Creatures (others)
  13 fungi
  27 plants
40 creatures vanquished.

Grand Total: 521 creatures vanquished

Notes
Turn   | Place    | Note
-------+----------+-------------------------------------------
     0 | D:1      | inc the Octopode Venom Mage began the quest for the Orb.
     0 | D:1      | Reached XP level 1. HP: 11/11 MP: 3/3
   308 | D:1      | Reached XP level 2. HP: 17/17 MP: 1/5
   982 | D:2      | Reached XP level 3. HP: 21/21 MP: 0/6
  1221 | D:2      | Noticed Sigmund
  1689 | D:2      | Reached XP level 4. HP: 26/27 MP: 2/7
  2005 | D:2      | Learned a level 2 spell: Poisonous Vapours
  2009 | D:2      | Learned a level 3 spell: Mephitic Cloud
  2115 | D:2      | Killed Sigmund
  2115 | D:2      | Reached XP level 5. HP: 12/31 MP: 0/9
  2115 | D:2      | Reached XP level 6. HP: 14/36 MP: 0/10
  2577 | D:3      | Found a glowing silver altar of Zin.
  2578 | D:3      | Found a sacrificial altar of Ru.
  2593 | D:3      | Found a shimmering altar of Xom.
  2593 | D:3      | Found a stormy altar of Qazlal.
  2597 | D:3      | Found a shattered altar of Ashenzari.
  2687 | D:3      | Found a shadowy altar of Dithmenos.
  2688 | D:3      | Found a basalt altar of Yredelemnul.
  2691 | D:3      | Found an opulent altar of Gozag.
  2721 | D:3      | Became a worshipper of Gozag Ym Sagoz the Greedy
  3136 | D:4      | Reached XP level 7. HP: 24/41 MP: 0/11
  3924 | D:4      | Noticed Duvessa
  3924 | D:4      | Noticed Dowan
  4041 | D:4      | Killed Duvessa
  4054 | D:4      | Killed Dowan
  4772 | D:4      | Reached XP level 8. HP: 34/46 MP: 9/14
  4851 | D:4      | Gained mutation: You are partially covered in slimy green scales. (AC +2) [potion of mutation]
  4851 | D:4      | Gained mutation: One of your tentacles bears a spike. [potion of mutation]
  4912 | D:5      | Entered Level 5 of the Dungeon
  4912 | D:5      | Noticed Edmund
  4927 | D:5      | Killed Edmund
  5167 | D:5      | Reached skill level 5 in Spellcasting
  5297 | D:5      | Found Xiwim's Book Shop.
  6148 | D:5      | Noticed Pikel
  6160 | D:5      | Killed Pikel
  6160 | D:5      | Reached XP level 9. HP: 22/51 MP: 5/21
  7398 | D:7      | Noticed Menkaure
  7425 | D:7      | Killed Menkaure
  8338 | D:7      | Reached skill level 10 in Spellcasting
  8535 | D:7      | Noticed a gargoyle
  8683 | D:7      | Found a staircase to the Ecumenical Temple.
  8826 | D:8      | Found a burning altar of Makhleb.
  8981 | D:8      | Learned a level 4 spell: Olgreb's Toxic Radiance
  9172 | D:8      | Reached XP level 10. HP: 43/56 MP: 14/24
 11187 | D:9      | Learned a level 4 spell: Summon Lightning Spire
 11351 | D:9      | Reached skill level 1 in Summonings
 11351 | D:9      | Reached skill level 1 in Air Magic
 12320 | D:10     | Entered Level 10 of the Dungeon
 12320 | D:10     | Noticed Erolcha
 12403 | D:10     | Found a staircase to the Orcish Mines.
 12412 | D:10     | Reached XP level 11. HP: 32/61 MP: 18/26
 13080 | D:10     | Found a sacrificial altar of Ru.
 13836 | D:10     | Found a roughly hewn altar of Beogh.
 13949 | D:10     | Noticed a two-headed ogre
 13965 | D:10     | Reached skill level 1 in Fighting
 13971 | D:10     | Killed a two-headed ogre
 14030 | D:10     | Killed Erolcha
 14269 | D:10     | Reached skill level 5 in Fighting
 14706 | D:11     | Noticed a death yak
 14706 | D:11     | Noticed a death yak
 14706 | D:11     | Noticed an unseen horror
 14711 | D:11     | Noticed a death yak
 14717 | D:10     | Killed an unseen horror
 14875 | D:11     | Found a staircase to the Lair.
 15157 | D:11     | Noticed Harold
 15174 | D:11     | Killed Harold
 15175 | D:11     | Noticed inc's ghost (novice OpIE)
 15456 | D:11     | Noticed Psyche
 15465 | D:11     | Noticed Grum
 15478 | D:11     | Killed Grum
 15488 | D:11     | Killed Psyche
 15489 | D:11     | Killed inc's ghost
 15735 | D:11     | Noticed a brown ugly thing
 15976 | D:11     | Killed a death yak
 15976 | D:11     | Reached XP level 12. HP: 81/81 MP: 0/28
 16176 | Orc:1    | Entered Level 1 of the Orcish Mines
 16212 | Orc:1    | Noticed a two-headed ogre
 16231 | Orc:1    | Killed a two-headed ogre
 16231 | Orc:1    | Reached skill level 5 in Dodging
 17163 | D:11     | Reached skill level 1 in Shields
 17322 | D:11     | Killed a death yak
 17322 | D:11     | Reached skill level 3 in Shields
 17342 | D:11     | Killed a death yak
 17433 | D:11     | Reached skill level 4 in Shields
 17521 | Lair:1   | Entered Level 1 of the Lair of Beasts
 17703 | Lair:1   | Noticed an eight-headed hydra
 17723 | Lair:1   | Learned a level 4 spell: Summon Ice Beast
 17821 | Lair:1   | Found a labyrinth entrance.
 17826 | Lab      | Entered a labyrinth
 18245 | Lab      | Learned a level 5 spell: Venom Bolt
 18249 | Lab      | Noticed a minotaur
 18298 | Lab      | Found the +8 whip "Snakebite" {curare, rPois}
 18298 | Lab      | Got a coiled tin amulet
 18502 | Lair:1   | Reached skill level 5 in Shields
 18726 | Lair:1   | Identified the amulet of Vouph {Inacc *Slow +Inv rF++ Int+4} (You found it in a labyrinth)
 18787 | Lair:1   | Reached skill level 6 in Shields
 19350 | D:10     | Identified a scroll of acquirement
 19351 | D:10     | Got a crude bronze ring
 19352 | D:10     | Identified the ring of the Catamount {rPois MR+} (You acquired it on level 10 of the Dungeon)
 19931 | D:11     | Reached skill level 7 in Shields
 20691 | D:12     | Reached skill level 8 in Shields
 21769 | Orc:1    | Reached skill level 9 in Shields
 22054 | Orc:1    | Found Hocrel's Armour Emporium.
 22064 | Orc:1    | Found a shimmering altar of Xom.
 22064 | Orc:1    | Noticed Snorg
 22081 | Orc:1    | Killed Snorg
 22081 | Orc:1    | Reached XP level 13. HP: 88/88 MP: 23/29
 22303 | Orc:1    | Reached skill level 10 in Shields
 22573 | Orc:1    | Found Yfyn's Book Emporium.
 22907 | Orc:2    | Entered Level 2 of the Orcish Mines
 23607 | Orc:2    | Found a staircase to the Elven Halls.
 23690 | Orc:2    | Reached skill level 11 in Shields
 23724 | Orc:2    | Found Xushryvu's Antique Weapon Emporium.
 23792 | Orc:2    | Bought an iridescent dagger for 168 gold pieces
 23792 | Orc:2    | Identified the +6 dagger "Jaofeanedgh" {freeze, Int+7} (You bought it in a shop on level 2 of the Orcish Mines)
 24370 | Orc:2    | Found Gonef's General Store.
 24378 | Orc:2    | Bought a scroll of teleportation for 33 gold pieces
 24490 | Orc:2    | Reached skill level 12 in Shields
 24675 | Orc:2    | Noticed an orc warlord
 24701 | Orc:2    | Killed an orc warlord
 24780 | Orc:2    | Found Veuni's Antique Armour Emporium.
 24844 | Orc:2    | Found Zegirag's Book Emporium.
 24970 | Orc:2    | Bought a scroll of teleportation for 48 gold pieces
 24970 | Orc:2    | Bought a scroll of magic mapping for 56 gold pieces
 24972 | Orc:2    | Bought a potion of curing for 57 gold pieces
 24972 | Orc:2    | Bought a potion of curing for 57 gold pieces
 24972 | Orc:2    | Bought 2 potions of haste for 380 gold pieces
 25140 | Orc:1    | Found Borar's Distillery.
 25167 | Orc:1    | Found Siciceg's Armour Emporium.
 25649 | D:13     | Found a shattered altar of Ashenzari.
 25717 | D:13     | Noticed a vault guard
 26408 | D:13     | Noticed a vault guard
 26417 | D:13     | Reached skill level 13 in Shields
 27486 | Lair:2   | Reached XP level 14. HP: 85/94 MP: 24/30
 27866 | Lair:2   | Noticed Sonja
 27878 | Lair:2   | Killed Sonja
 27930 | Lair:2   | Found a staircase to the Snake Pit.
 28034 | Lair:2   | Reached skill level 14 in Shields
 28257 | Lair:2   | Reached skill level 5 in Summonings
 28503 | Lair:2   | Mangled by a spiny frog

Skill      XL: |  1  2  3  4  5  6  7  8  9 10 11 12 13 14 |
---------------+-------------------------------------------+-----
Poison Magic   | 4 6 8 9 |  9.8
Stealth        | 3 |  3.1
Spellcasting   | 4 8 10 11 12 | 12.0
Summonings     | 4 5 |  5.7
Air Magic      | 4 |  4.9
Fighting       | 7 8 |  8.1
Dodging        | 4 5 |  5.5
Shields        | 9 13 14 | 14.0
Short Blades   | |  0.1
Conjurations   | |  1.3
Ice Magic      | |  0.9

Action                   |  1- 3 |  4- 6 |  7- 9 | 10-12 | 13-15 || total
-------------------------+-------+-------+-------+-------+-------++-------
Melee: Unarmed           |     3 |       |       |       |       ||     3
       Constrict         |     6 |     6 |    27 |    19 |    27 ||    85
       Tentacles         |     4 |     4 |    31 |    26 |    21 ||    86
       Short sword       |    26 |     4 |       |       |       ||    30
       Dagger            |       |    12 |   103 |       |   116 ||   231
       Kick              |       |       |    32 |    41 |    32 ||   105
       Whip              |       |       |    35 |    11 |    28 ||    74
       Flail             |       |       |    21 |   157 |       ||   178
 Cast: Sting             |    47 |    26 |    76 |    95 |    14 ||   258
       Poisonous Vapours |       |    32 |   127 |   277 |   126 ||   562
       Olgreb's Toxic Ra |       |       |       |    68 |    87 ||   155
       Mephitic Cloud    |       |       |       |    41 |    24 ||    65
       Summon Lightning  |       |       |       |    12 |    17 ||    29
       Summon Ice Beast  |       |       |       |     7 |     4 ||    11
       Venom Bolt        |       |       |       |     1 |     2 ||     3
Invok: Call Merchant     |       |       |       |       |     4 ||     4
Evoke: Wand              |       |       |       |       |     1 ||     1
  Use: Scroll            |       |       |    13 |    27 |       ||    40
       Potion            |       |       |     2 |    16 |     2 ||    20
 Stab: Sleeping          |     2 |     1 |     8 |     1 |     3 ||    15
       Distracted        |       |       |     1 |       |     1 ||     2
       Confused          |       |       |       |     2 |       ||     2
  Eat: Chunk             |     2 |     5 |       |       |       ||     7
       Ration            |       |     1 |     6 |    12 |     5 ||    24
Armor: Skin              |     3 |     2 |    40 |    24 |     6 ||    75
Dodge: Dodged            |    32 |    11 |   143 |   192 |    72 ||   450
Block: Shield            |       |       |       |    34 |    94 ||   128
